AoeStats
← Bugsibär

Arabia

504974685Analyzed
1v1 RM · 25d ago on Sep 7, 2026· 46m 8s· 2 players
Game mode
Random Map
Map size
Tiny (2 player)
Population
200
Speed
Normal
Resources
Standard
Victory
Conquest
Starting age
Dark Age
Ending age
Imperial Age
RankedLock teamsTeams togetherTeam positionsShared explorationLock speedFull tech treeHidden civsTurbo modeCheats
Victory
Defeat
🇩🇪 Koreans · Germany
1578
+24
🇩🇪 Celts · Germany
1775
-24
Bugsibär
6:24 Loom
8:49 Feudal Age
9:19 Double-Bit Axe
9:22 Man-at-Arms
14:25 Fletching
18:02 Padded Archer Armor
20:37 Castle Age
20:02 Horse Collar
20:13 Gold Mining
21:03 Elite Skirmisher
22:56 Bodkin Arrow
28:09 Padded Archer Armor
33:54 Scale Mail Armor
34:04 Forging
36:22 Chain Mail Armor
41:41 Imperial Age
42:52 Plate Mail Armor
42:00 Onager
44:48 Gold Shaft Mining
KIV.YourAddHere
5:40 Loom
8:54 Feudal Age
9:25 Double-Bit Axe
12:32 Horse Collar
14:31 Fletching
19:08 Town Watch
21:33 Castle Age
19:49 Gold Mining
21:38 Crossbowman
22:40 Bodkin Arrow
28:15 Bow Saw
32:59 Ballistics
32:46 Town Watch
33:45 Wheelbarrow
37:54 Imperial Age
36:32 Thumb Ring
38:44 Bracer
39:50 Chemistry
41:20 Two-Man Saw
40:13 Stone Mining
41:00 Gold Shaft Mining
40:26 Heavy Plow
40:13 Arbalester
44:34 Conscription
44:33 Masonry
44:26 Eupseong
46:20 Hand Cart
Connection lost

Rejoining the realm…

Still unreachable

The connection could not be restored.

Session expired

The server has moved on; the page needs a fresh start.